 Dungeon Crawl Stone Soup version 0.23.2-11-gf996548c65 (webtiles) character file.

Game seed: 12794405279696175456

260 Elsur the Shield-Bearer (level 6, 0/53 HPs)
             Began as a Hill Orc Fighter on June 4, 2019.
             Slain by an orc priest
             ... wielding a +0 flail
              (5 damage)
             ... on level 4 of the Dungeon on June 5, 2019.
             The game lasted 00:35:31 (3820 turns).

Elsur the Shield-Bearer (Hill Orc Fighter)          Turns: 3820, Time: 00:35:32

Health: 0/53       AC: 13    Str: 21    XL:     6   Next: 17%
Magic:  6/6        EV:  1    Int:  8    God:
Gold:   215        SH:  9    Dex: 10    Spells: 5/5 levels left

rFire    . . .     SeeInvis .   a - +0 flail
rCold    . . .     Gourm    .   c - +0 shield
rNeg     . . .     Faith    .   n - +0 plate armour
rPois    .         Spirit   .   (no helmet)
rElec    .         Reflect  .   q - +0 cloak
rCorr    .         Harm     .   (no gloves)
MR       .....                  (no boots)
Stlth    ..........             (no amulet)
HPRegen  0.57/turn              k - -3 ring of evasion (curse)
MPRegen  0.10/turn              r - ring of stealth

@: no status effects
A: regeneration 1
a: Convert to Beogh


You were on level 4 of the Dungeon.
You were not hungry.

You visited 1 branch of the dungeon, and saw 4 of its levels.

You collected 215 gold pieces.

Inventory:

Hand Weapons
 a - a +0 flail (weapon)
 s - a +0 war axe
 t - a +0 rapier
Missiles
 j - 14 poisoned needles
Armour
 b - a +0 scale mail
 c - a +0 shield (worn)
 n - a +0 plate armour (worn)
 q - a +0 cloak (worn)
Jewellery
 k - a cursed -3 ring of evasion (left hand)
 o - an uncursed ring of fire
 r - a ring of stealth (right hand)
Scrolls
 e - 3 scrolls of enchant weapon {unknown}
 h - 2 scrolls of remove curse {unknown}
 i - 3 scrolls of fear {unknown}
 l - 5 scrolls of teleportation
 m - a scroll of identify {unknown}
 p - a scroll of random uselessness {unknown}
Potions
 d - a potion of might
 u - a potion of flight
 v - a potion of resistance {unknown}
Comestibles
 f - 6 rations
 g - 5 chunks of flesh


   Skills:
 + Level 4.5 Fighting
 + Level 1.1(3.3) Axes
 + Level 4.1(4.2) Maces & Flails
 + Level 4.4 Armour
 + Level 0.5 Dodging
 + Level 0.3 Stealth
 + Level 4.6 Shields


You had 5 spell levels left.
You didn't know any spells.
Your spell library was empty.

Dungeon Overview and Level Annotations

Branches:
Dungeon (4/15)
 Temple: D:4-7

Altars:
Ru


Innate Abilities, Weirdness & Mutations

Your natural rate of healing is unusually fast.


Message History

The orc hits you but does no damage. You block the orc's attack.
The orc wizard hits you but does no damage.
You block the orc wizard's attack. You block the orc priest's attack.
The orc hits you but does no damage. x2
You block the orc wizard's attack. The orc hits you but does no damage.
You block the orc priest's attack.
The orc wizard points at you and mumbles some strange words.
The puff of flame hits you but does no damage.
The orc hits you but does no damage.
The orc wizard hits you but does no damage.
The orc hits you but does no damage. You block the orc's attack.
The orc priest hits you but does no damage.
The orc priest threatens, "By the altar or by the axe, you will meet Beogh!"
The orc wizard casts a spell at you. The magic dart hits you.
* * * LOW HITPOINT WARNING * * *
The orc hits you but does no damage. x2
The orc wizard hits you but does no damage.
The orc priest hits you with a +0 flail.
You die...

.. .## <..
..# #.##
######..#
#[......#
##.####@o#
#.?...ooo#
...$##.o##
.. ##..##
#....#
#....# #
#....#
#.##.###....
#....###.#.#


You could see an orc priest, an orc wizard and 3 orcs.

Vanquished Creatures
  2 hounds
  An orc wizard (D:3)
  An orc priest (D:3)
  Natasha (twice) (D:2)
  2 adders (D:2)
  3 worms
  2 dart slugs
  4 leopard geckos
  4 orcs (D:3)
  3 giant cockroaches
  5 goblins
  3 hobgoblins
  4 jackals (D:2)
  8 kobolds
  4 bats
  2 frilled lizards (D:2)
  6 rats
56 creatures vanquished.

Notes
Turn   | Place    | Note
-------+----------+-------------------------------------------
     0 | D:1      | Elsur the Hill Orc Fighter began the quest for the Orb.
     0 | D:1      | Reached XP level 1. HP: 19/19 MP: 1/1
   203 | D:1      | Reached XP level 2. HP: 23/27 MP: 2/2
   776 | D:2      | Reached XP level 3. HP: 32/33 MP: 3/3
   864 | D:2      | Gained mutation: You are dopey. (Int -2) [potion of
                  | mutation]
   864 | D:2      | Lost mutation: You are dopey. (Int -2) [potion of mutation]
   864 | D:2      | Gained mutation: Your natural rate of healing is unusually
                  | fast. [potion of mutation]
  1128 | D:2      | Reached XP level 4. HP: 22/40 MP: 4/4
  1140 | D:2      | Noticed Natasha
  1148 | D:2      | Killed Natasha
  1315 | D:2      | Reached XP level 5. HP: 22/46 MP: 5/5
  1469 | D:2      | Noticed Natasha
  1483 | D:2      | Killed Natasha
  2757 | D:3      | Reached skill level 1 in Axes
  2760 | D:3      | Reached XP level 6. HP: 25/53 MP: 6/6
  3750 | D:4      | Found a sacrificial altar of Ru.
  3820 | D:4      | Slain by an orc priest

Skill      XL: |  1  2  3  4  5  6 |
---------------+-------------------+-----
Fighting       | 4 |  4.5
Maces & Flails | 3 4 |  4.1
Shields        | 4 |  4.6
Armour         | 4 |  4.4
Axes           | 1 |  1.1
Dodging        | |  0.5
Stealth        | |  0.3

Action                   |  1- 3 |  4- 6 || total
-------------------------+-------+-------++-------
Melee: Flail             |   141 |   122 ||   263
       War axe           |       |    25 ||    25
  Use: Scroll            |     2 |       ||     2
       Potion            |     3 |     1 ||     4
  Eat: Chunk             |     1 |     3 ||     4
       Ration            |       |     2 ||     2
Armor: Scale mail        |    43 |    18 ||    61
       Plate armour      |       |   465 ||   465
Dodge: Dodged            |    38 |    33 ||    71
Block: Shield            |    86 |   411 ||   497
